Match 46871466
Unlisted

Match 46871466
End
Construct Infanterie Kompanie
Pioneer Squad
Selects Breakthrough Battlegroup
Selects Assault Grenadiers
MG 42 Machine Gun Team
Grenadier Squad
Grenadier Squad
Infanterie Officer Quarters
Selects 2.5-tonne Cargo Truck
MG 42 Machine Gun Team
Medical Station
Construct Panzergrenadier Kompanie
Grenadier Squad
Pak 40 Anti-tank Gun Team
Support Elements
Panzergrenadier Officer Quarters
StuG III G Assault Gun
Selects Blitzkrieg
StuG III G Assault Gun
Nebelwerfer 42 Rocket Launcher Team
StuG III G Assault Gun
2.5-tonne Cargo Truck
Pioneer Squad
Side Skirts
Blitzkrieg
Selects Tiger Heavy Tank
Tiger Heavy Tank
Grenadier Squad
Chiecken Rice
ALLIEC2
AUS Potato
crywo1f
0
0

Comments sign in to comment!

No comments posted yet!